 Dungeon Crawl Stone Soup version 0.23.2-1-ga50397a (webtiles) character file.

Game seed: 3915693309101706638

104 verve the Insei (level 4, -2/28 HPs)
             Began as an Octopode Transmuter on June 2, 2019.
             Was an Initiate of Okawaru.
             Slain by a phantom (3 damage)
             ... on level 6 of the Dungeon.
             The game lasted 00:05:18 (2312 turns).

verve the Insei (Octopode Transmuter)               Turns: 2312, Time: 00:05:19

Health: -2/28      AC:  2    Str:  6 (9)  XL:     4   Next: 80%
Magic:  7/7        EV: 19    Int: 13 (15) God:    Okawaru [......]
Gold:   215        SH:  0    Dex: 14 (15) Spells: 2/8 levels left

rFire    . . .     SeeInvis .     - Unarmed
rCold    . . .     Gourm    .   (shield currently unavailable)
rNeg     . . .     Faith    .   (helmet currently unavailable)
rPois    x         Spirit   .   (no amulet)
rElec    .         Reflect  .   j - -3 ring of dexterity (curse)
rCorr    .         Harm     .   (no ring)
MR       .....                  (no ring)
Stlth    +.........             (no ring)
HPRegen  0.09/turn              (no ring)
MPRegen  0.10/turn              (no ring)
                                (no ring)
                                (no ring)

@: spider-form (expiring)
A: tiny, almost no armour, stealthy swim, (amphibious), 8 rings, (constrict 8)
a: End Transformation, Renounce Religion


You were on level 6 of the Dungeon.
You worshipped Okawaru.
Okawaru was noncommittal.
You were not hungry.
You were a venomous arachnid creature.
You visited 2 branches of the dungeon, and saw 5 of its levels.

You collected 215 gold pieces.

Inventory:

Missiles
 a - 51 arrows
Jewellery
 j - a cursed -3 ring of dexterity (left front leg)
Scrolls
 b - 2 scrolls of noise {unknown}
 d - 4 scrolls of identify {unknown}
 e - 2 scrolls of magic mapping {unknown}
 f - a scroll of remove curse {unknown}
Comestibles
 c - 3 rations


   Skills:
 + Level 1.1 Fighting
 - Level 2.0 Dodging
 + Level 4.3 Unarmed Combat
 + Level 2.5 Spellcasting
 * Level 2.4 Transmutations
 * Level 1.8 Poison Magic


You had 2 spell levels left.
You knew the following spells:

 Your Spells              Type           Power        Failure   Level  Hunger
a - Beastly Appendage     Tmut           #.....       22%         1    #......
b - Sticks to Snakes      Tmut           #.......     32%         2    ###....
c - Spider Form           Tmut/Pois      #.........   52%         3    ###....

Your spell library contained the following spells:

 Spells                   Type           Power        Failure   Level  Hunger
 Ice Form                 Ice/Tmut       #.......     93%         4    #####..
 Blade Hands              Tmut           #.........   98%         5    ######.


Dungeon Overview and Level Annotations

Branches:
Dungeon (6/15)             Temple (1/1) D:6

Altars:
Elyvilon
Okawaru
Qazlal
Sif Muna
Trog
Uskayaw
Wu Jian
Xom
The Shining One


Innate Abilities, Weirdness & Mutations

You cannot wear most types of armour.
You are very stealthy in the water. (Stealth+)
((You are amphibious.))
You can wear up to eight rings at the same time.
((You can use your tentacles to constrict eight enemies at once.))
((Your skin changes colour to match your surroundings (Stealth+).))
((Your rubbery body absorbs attacks. (AC +1, EV +1)))


Message History

It was a potion of ambrosia.
You are confused.
You feel invigorated. The orc completely misses you.
Your transformation is almost over.
The centaur shoots an arrow.
The arrow closely misses you.
The arrow hits the phantom!
The phantom barely misses you.
You feel less invigorated.
You feel less confused.
The orc priest calls down the wrath of Beogh upon you.
Beogh smites you!
Ouch! That really hurt!
* * * LOW HITPOINT WARNING * * *
An orc comes into view. It is wielding a +0 short sword.
It was a potion of degeneration.
There was something very wrong with that liquid.
You feel weakened.
You feel dopey.
You feel clumsy. The orc closely misses you.
The phantom hits you but does no damage.
The phantom hits you.
You die...

# .## # ##... #
. ....#.# #.
.#..##..## #.#
##."##....
#.o####..# #..#
#..oo.(..###..#
#..#(cWs..#...#
#...#.o..(....#
#...##.##.....#
#.## #####..#.#
#. #..##.# #
...## .# ####
.# .# .#


You could see a phantom, an orc warrior, a centaur, an orc priest and 2 orcs.

Vanquished Creatures
  Natasha (D:3)
  An ooze (D:3)
  2 worms
  4 dart slugs
  2 leopard geckos
  10 bats
  4 giant cockroaches
  5 goblins
  3 hobgoblins
  7 jackals
  7 kobolds
  2 ball pythons
  3 frilled lizards (D:2)
  7 rats
58 creatures vanquished.

Vanquished Creatures (others)
  14 toadstools (D:1)
14 creatures vanquished.

Grand Total: 72 creatures vanquished

Notes
Turn   | Place    | Note
-------+----------+-------------------------------------------
     0 | D:1      | verve the Octopode Transmuter began the quest for the Orb.
     0 | D:1      | Reached XP level 1. HP: 13/13 MP: 3/3
   127 | D:1      | Reached XP level 2. HP: 12/18 MP: 3/5
   150 | D:1      | Learned a level 2 spell: Sticks to Snakes
   902 | D:2      | Reached XP level 3. HP: 23/23 MP: 2/6
   917 | D:2      | Learned a level 3 spell: Spider Form
  1165 | D:2      | Reached skill level 1 in Poison Magic
  1562 | D:3      | Reached skill level 4 in Unarmed Combat
  1562 | D:3      | Reached XP level 4. HP: 27/28 MP: 7/7
  1581 | D:3      | Found a shimmering altar of Xom.
  1587 | D:3      | Found a bloodstained altar of Trog.
  1832 | D:3      | Noticed Natasha
  1855 | D:3      | Killed Natasha
  2073 | D:3      | You fall through a shaft for 3 floors!
  2073 | D:6      | Found a staircase to the Ecumenical Temple.
  2078 | D:6      | Noticed a centaur
  2080 | Temple   | Entered the Ecumenical Temple
  2100 | Temple   | Became a worshipper of Warmaster Okawaru
  2304 | D:6      | Noticed a phantom
  2307 | D:6      | Noticed an orc warrior
  2310 | D:6      | HP: 1/28 [orc priest/divine providence (16)]
  2312 | D:6      | Slain by a phantom

Skill      XL: |  1  2  3 |
---------------+----------+-----
Poison Magic   | 1 |  1.8
Unarmed Combat | 4 |  4.3
Fighting       | |  1.1
Dodging        | |  2.0
Spellcasting   | |  2.5
Transmutations | |  2.4

Action                   |  1- 3 |  4- 6 || total
-------------------------+-------+-------++-------
Melee: Unarmed           |   100 |    38 ||   138
       Constrict         |    28 |     8 ||    36
       Tentacles         |    11 |     7 ||    18
       Kick              |     8 |     1 ||     9
       Punch             |     1 |       ||     1
 Cast: Beastly Appendage |     6 |     2 ||     8
       Sticks to Snakes  |     1 |       ||     1
       Spider Form       |       |     1 ||     1
  Use: Potion            |       |     2 ||     2
 Stab: Sleeping          |     2 |     6 ||     8
  Eat: Chunk             |     2 |     3 ||     5
Armor: Skin              |     9 |     6 ||    15
Dodge: Dodged            |    70 |    30 ||   100
